 Dungeon Crawl Stone Soup version 0.18-a0-670-g393520a (webtiles) character file.

429 Proton the Shield-Bearer (level 7, -4/55 HPs)
             Began as a Formicid Fighter on Dec 6, 2015.
             Slain by an ogre
             ... wielding a +0 giant spiked club
              (7 damage)
             ... on level 3 of the Dungeon.
             The game lasted 00:05:08 (2881 turns).

Proton the Shield-Bearer (Formicid Fighter)         Turns: 2881, Time: 00:05:09

Health: -4/55      AC:  5    Str: 23      XL:     7   Next: 19%
Magic:  7/7        EV:  6    Int:  5      God:
Gold:   231        SH:  9    Dex:  6 (10) Spells: 0 memorised, 6 levels left

rFire  + . .     SeeInvis +     a - +0 war axe
rCold  . . .     Clarity  +     k - +0 chain mail
rNeg   . . .     SustAt   .     c - +0 shield
rPois  .         Gourm    .     (helmet unavailable)
rElec  .         Spirit   .     (no cloak)
rCorr  .         Dismiss  .     (no gloves)
rMut   .         Stasis   +     (no boots)
MR     .....                    l - amulet of clarity
Stlth  ..........               (no ring)
                                (no ring)

@: not resistant to hostile enchantments, extremely unstealthy
A: permanent stasis, dig shafts and tunnels, four strong arms, antennae 3,
deformed body, dopey 1, fire resistance 1
a: Dig, Shaft Self


You were on level 3 of the Dungeon.
You were not hungry.

You visited 1 branch of the dungeon, and saw 4 of its levels.
You also visited: Ossuary.

You collected 231 gold pieces.

Inventory:

Hand Weapons
 a - a +0 war axe (weapon)
Armour
 c - a +0 shield (worn)
 k - a +0 chain mail (worn)
Jewellery
 l - an amulet of clarity (around neck)
Scrolls
 g - 2 scrolls of remove curse {unknown}
 h - 2 scrolls of recharging {unknown}
 i - 4 scrolls of identify {unknown}
 j - a scroll of enchant armour {unknown}
 m - 4 scrolls of enchant weapon {unknown}
 p - 3 scrolls of noise {unknown}
 r - 2 scrolls of immolation {unknown}
 v - 2 scrolls of random uselessness {unknown}
 w - a scroll of amnesia {unknown}
Potions
 d - 4 potions of might
 f - 3 potions of agility {unknown}
 n - 3 potions of haste {unknown}
 o - 2 potions of lignification
 q - a potion of ambrosia {unknown}
 t - 2 potions of brilliance
 u - 2 potions of flight {unknown}
 x - a potion of curing {unknown}
Comestibles
 b - a beef jerky
 e - 2 bread rations
 s - 2 meat rations


   Skills:
 + Level 4.7 Fighting
 * Level 4.5 Axes
 + Level 5.0 Armour
 + Level 5.1 Shields


You had 6 spell levels left.
You didn't know any spells.

Dungeon Overview and Level Annotations

Branches:
Dungeon (4/15)
 Temple: D:4-7

Altars:
Vehumet

Annotations:
D:4 Fv001's ghost, amateur DrCj


Innate Abilities, Weirdness & Mutations

You are under a permanent stasis effect.
You can dig through walls and to a lower floor.
Your four strong arms can wield two-handed weapons with a shield.
You have a pair of large antennae on your head (SInv).
Armour fits poorly on your strangely shaped body.
You are dopey. (Int -2)
Your flesh is heat resistant.


Message History

You barely miss the ogre. The ogre hits you but does no damage.
You hit the ogre.
The ogre is lightly wounded.
The ogre barely misses you.
You hit the ogre but do no damage.
The ogre is lightly wounded.
The ogre barely misses you.
You slash the ogre!
The ogre is heavily wounded.
You block the ogre's attack.
You hit the ogre.
The ogre is severely wounded.
The ogre completely misses you.
You hit the ogre.
The ogre is severely wounded.
The orc priest calls down the wrath of Beogh upon you.
Something smites you!
* * * LOW HITPOINT WARNING * * *
The ogre hits you with a giant spiked club!
You die...

####### #.....#
#.....##
.†(....###########
.............owO@#
#......#.#########
#.....##........#
#.....#########.#
.....## #.# .....#
#.# .....# #.#
.....# #.#
.....##### #.#


You could see an ogre, a worm and an orc priest.

Vanquished Creatures
  2 centaur zombies (Ossuary)
  An orc priest (D:3)
  2 orc wizards (D:3)
  Terence (D:2)
  2 big kobold zombies (Ossuary)
  4 mummies (Ossuary)
  Robin (D:2)
  3 adders (D:2)
  An ooze (D:3)
  A worm (D:2)
  2 giant geckos
  7 orcs
  A ball python (D:3)
  9 giant cockroaches
  16 goblins
  12 hobgoblins
  10 jackals
  15 kobolds
  A quokka (D:3)
  7 bats
  4 giant newts
  2 gnoll zombies (Ossuary)
  A kobold zombie (Ossuary)
  An orc zombie (Ossuary)
  9 rats
115 creatures vanquished.

Notes
Turn   | Place    | Note
--------------------------------------------------------------
     0 | D:1      | Proton the Formicid Fighter began the quest for the Orb.
     0 | D:1      | Reached XP level 1. HP: 18/18 MP: 1/1
   133 | D:1      | Reached XP level 2. HP: 20/24 MP: 2/2
   237 | D:1      | Reached XP level 3. HP: 29/29 MP: 3/3
   246 | D:1      | Reached skill level 4 in Shields
   815 | D:2      | Noticed Terence
   828 | D:2      | Killed Terence
   828 | D:2      | Reached XP level 4. HP: 28/37 MP: 4/4
  1007 | D:2      | Noticed Robin
  1050 | D:2      | Killed Robin
  1050 | D:2      | Reached XP level 5. HP: 38/42 MP: 5/5
  1798 | D:3      | Reached XP level 6. HP: 43/48 MP: 6/6
  1820 | D:3      | Found a radiant altar of Vehumet.
  2147 | D:4      | Found a sand-covered staircase.
  2159 | Ossuary  | Entered an ossuary
  2200 | Ossuary  | Reached skill level 5 in Shields
  2359 | Ossuary  | Gained mutation: You are partially covered in thin metallic scales (AC +2). [potion of mutation]
  2359 | Ossuary  | Gained mutation: You are frail (-10% HP). [potion of mutation]
  2359 | Ossuary  | Gained mutation: You have sharp toenails. [potion of mutation]
  2360 | Ossuary  | Lost mutation: You have sharp toenails. [potion of cure mutation]
  2360 | Ossuary  | Lost mutation: You are frail (-10% HP). [potion of cure mutation]
  2360 | Ossuary  | Lost mutation: You are partially covered in thin metallic scales (AC +2). [potion of cure mutation]
  2626 | Ossuary  | Gained mutation: Armour fits poorly on your strangely shaped body. [potion of mutation]
  2626 | Ossuary  | Gained mutation: You are dopey. (Int -2) [potion of mutation]
  2626 | Ossuary  | Gained mutation: Your flesh is heat resistant. [potion of mutation]
  2733 | Ossuary  | Reached XP level 7. HP: 50/55 MP: 7/7
  2784 | D:4      | Noticed Fv001's ghost (amateur DrCj)
  2871 | D:3      | Reached skill level 5 in Armour
  2881 | D:3      | Slain by an ogre

Vault maps used:
D:1:      mrwooster_arrival_statue_3
D:2:      uniq_terence, uniq_robin
D:3:      old_standard_altar, first_bread
D:4:      led_sif_pool, nicolae_ossuary_entry_ruins
Ossuary:  ossuary_crypta

Action                   |  1- 3 |  4- 6 |  7- 9 || total
-------------------------+-------+-------+-------++-------
Melee: War axe           |   105 |   234 |    25 ||   364
 Abil: Dig               |       |     1 |       ||     1
  Use: Potion            |       |     6 |       ||     6
  Eat: Meat ration       |       |     1 |       ||     1
       Pizza             |       |     1 |       ||     1
       Beef jerky        |       |       |     1 ||     1
